 Dungeon Crawl Stone Soup version 0.23-a0-650-ga4d50d4 (webtiles) character file.

88 Blackhawk the Skirmisher (level 4, -2/35 HPs)
             Began as a Demonspawn Abyssal Knight on Jan 4, 2019.
             Was a Follower of Lugonu.
             Slain by Grinder (6 damage)
             ... on level 2 of the Dungeon.
             The game lasted 00:03:43 (2425 turns).

Blackhawk the Skirmisher (DsAK)                     Turns: 2425, Time: 00:03:43

Health: -2/35      AC:  9    Str: 13    XL:     4   Next: 30%
Magic:  6/6        EV:  6    Int: 13    God:    Lugonu [*.....]
Gold:   133        SH:  4    Dex: 13    Spells: 3/3 levels left

rFire    . . .     SeeInvis .   d - +2 whip (elec)
rCold    . . .     Gourm    .   (no shield)
rNeg     . . .     Faith    .   p - +0 chain mail
rPois    .         Spirit   .   (no helmet)
rElec    .         Reflect  .   s - +0 cloak
rCorr    .         Harm     .   (no gloves)
MR       .....                  (no boots)
Stlth    ..........             (no amulet)
HPRegen  0.11/turn              (no ring)
MPRegen  0.10/turn              (no ring)

@: no status effects
A: claws 1, large bone plates 1, nightstalker 1
a: Depart the Abyss, Renounce Religion


You were on level 2 of the Dungeon.
You worshipped Lugonu.
Lugonu was aware of your devotion.
You were near starving.

You visited 1 branch of the dungeon, and saw 3 of its levels.
You visited the Abyss 1 time.

You collected 133 gold pieces.

Inventory:

Hand Weapons
 a - a +1 hand axe
 d - a +2 whip of electrocution (weapon)
Armour
 b - a +0 leather armour
 p - a +0 chain mail (worn)
 s - a +0 cloak (worn)
Scrolls
 e - 2 scrolls of immolation {unknown}
 i - 3 scrolls of teleportation {unknown}
 k - 2 scrolls of identify {unknown}
 l - 3 scrolls of remove curse {unknown}
 n - 2 scrolls of enchant weapon {unknown}
 q - a scroll of amnesia {unknown}
Potions
 f - 2 potions of lignification {unknown}
 g - a potion of flight {unknown}
 h - a potion of agility {unknown}
 j - a potion of degeneration {unknown}
 m - a potion of curing {unknown}
 o - a potion of heal wounds {unknown}
 r - a potion of magic {unknown}
Comestibles
 c - 3 rations
 t - 2 chunks of flesh


   Skills:
 + Level 3.5 Fighting
 - Level 1.8(2.0) Axes
 + Level 1.3(1.8) Maces & Flails
 + Level 2.4 Armour
 + Level 1.7 Dodging
 + Level 3.4 Invocations


You had 3 spell levels left.
You didn't know any spells.
Your spell library was empty.

Dungeon Overview and Level Annotations

Branches:
Dungeon (3/15)

Altars:

Annotations:
D:2 Grinder


Innate Abilities, Weirdness & Mutations

You have sharp fingernails.
You are partially covered in large bone plates. (SH +4)
You are slightly more attuned to the shadows.


Message History

You hit Grinder.
Grinder is moderately wounded.
Grinder gestures at you.
You barely resist. You closely miss Grinder.
Grinder is moderately wounded.
Grinder hits you.
You closely miss Grinder.
Grinder is moderately wounded.
Grinder barely misses you.
You completely miss Grinder.
Grinder is moderately wounded.
Grinder hits you.
You writhe in agony.
* * * LOW HITPOINT WARNING * * *
Your chain mail prevents you from hitting Grinder.
Grinder is moderately wounded.
Grinder hits you.
* * * LOW HITPOINT WARNING * * *
You writhe in agony.
You die...

######### ##################
#.......# .................#
#.......# ########.........#
#.......### #.........#
#.......##. #.......†.#
####.#.###..
#.......5@#####.<........#
#........÷##....##.#..####
#######.#.......##.#.## #.
#.##..###.##.#.# ## ##....##
#......# # ##.....#####.....# #
####### ###........#....##.# ##
...>..####...#....#...#..##.####.
#..........###................(..


You could see Grinder.

Vanquished Creatures
  Crazy Yiuf (D:2)
  3 adders
  A worm (D:2)
  A dart slug (D:2)
  A ball python (D:2)
  5 goblins
  6 hobgoblins
  6 kobolds (D:1)
  A bat (D:1)
  2 frilled lizards (D:2)
  2 rats
  A fungus (D:2)
30 creatures vanquished.

Notes
Turn   | Place    | Note
-------+----------+-------------------------------------------
     0 | Abyss:1  | Blackhawk the Demonspawn Abyssal Knight began the quest for
                  | the Orb.
     0 | Abyss:1  | Reached XP level 1. HP: 18/18 MP: 2/2
    36 | Abyss:1  | Noticed a smoke demon
    41 | D:1      | Escaped the Abyss
   222 | D:1      | Reached skill level 1 in Dodging
   431 | D:1      | Gained mutation: You have sharp fingernails. [demonic
                  | ancestry]
   431 | D:1      | Reached XP level 2. HP: 15/24 MP: 4/4
   702 | D:1      | Reached * piety under Lugonu
  1302 | D:2      | Gained mutation: You are slightly more attuned to the
                  | shadows. [demonic ancestry]
  1302 | D:2      | Reached XP level 3. HP: 10/29 MP: 5/5
  2008 | D:2      | Reached skill level 1 in Maces & Flails
  2080 | D:2      | Found a runed door.
  2084 | D:2      | Noticed Crazy Yiuf
  2090 | D:2      | Killed Crazy Yiuf
  2090 | D:2      | Gained mutation: You are partially covered in large bone
                  | plates. (SH +4) [demonic ancestry]
  2090 | D:2      | Reached XP level 4. HP: 5/35 MP: 6/6
  2395 | D:3      | Noticed Grinder
  2425 | D:2      | Slain by Grinder

Vault maps used:
D:1:      dpeg_arrival_three_bigger_balls, minmay_tromino_i2
D:2:      uniq_crazy_yiuf_cottage
D:3:      lemuel_castle_with_subvaults, uniq_grinder
Abyss:1:  evilmike_abyss_exit_15

Skill      XL: |  1  2  3 |
---------------+----------+-----
Dodging        | 1 |  1.7
Armour         | 2 |  2.4
Invocations    | 3 |  3.4
Maces & Flails | 1 |  1.3
Fighting       | |  3.5
Axes           | |  1.8

Action                   |  1- 3 |  4- 6 || total
-------------------------+-------+-------++-------
Melee: Whip              |    77 |    17 ||    94
Invok: Depart the Abyss  |     1 |       ||     1
 Stab: Sleeping          |     1 |       ||     1
  Eat: Chunk             |     3 |       ||     3
Armor: Leather armour    |    20 |       ||    20
       Chain mail        |     3 |     8 ||    11
Dodge: Dodged            |    38 |     8 ||    46
Block: Other             |       |     4 ||     4

Table legend:
 A = Non-vault XP
 B = Vault XP
 C = Vault XP percentage of total XP
 D = Non-vault monster count
 E = Vault monster count
 F = Vault count percentage of total count
                 A         B        C        D         E       F
            +---------+---------+-------+---------+---------+-------
      Total |      84 |      43 |  33.9 |      26 |       3 |  10.3
            +---------+---------+-------+---------+---------+-------
        D:1 |      33 |       3 |   8.3 |      12 |       2 |  14.3
        D:2 |      51 |      40 |  44.0 |      14 |       1 |   6.7
            +---------+---------+-------+---------+---------+-------
